 Seeded DCSS version 0.30.1-11-g7821555f0a (webtiles) character file.

Game seed: 12756009894327649987 (custom seed)

961 Psyclone the Destroyer (level 8, -6/64 HPs)
             Began as a Gnoll Conjurer on Nov 6, 2023.
             Was a Priest of Kikubaaqudgha.
             Mangled by a kobold brigand
             ... wielding a +0 war axe
              (10 damage)
             ... in a bailey.
             The game lasted 00:17:58 (4701 turns).

Psyclone the Destroyer (Gnoll Conjurer)             Turns: 4701, Time: 00:17:58

Health: -6/64      AC:  2    Str:  5 (7)  XL:     8   Next: 15%
Magic:  17/19      EV: 13    Int: 18 (20) God:    Kikubaaqudgha [***...]
Gold:   199        SH:  0    Dex:  7 (10) Spells: 19/22 levels left

rFire   . .          .
                       - Unarmed
rCold   . . .        (no shield)
rNeg    . . .        a - +0 robe
rPois   .            (no helmet)
rElec   .            (no cloak)
rCorr   .            (no gloves)
SInv    .            (no boots)
Will    .....        (no amulet)
Stlth   +++          (no ring)
HPRegen 0.30/turn    (no ring)
MPRegen 0.16/turn

%: no passive effects
@: no status effects
A: fangs 1, strong nose, distributed training
a: Renounce Religion, Unearth Wretches


You were in a bailey.
You worshipped Kikubaaqudgha.
Kikubaaqudgha was most pleased with you.
You visited 1 branch of the dungeon, and saw 5 of its levels.
You also visited: Bailey.

You collected 199 gold pieces.

Inventory:

Hand Weapons
 c - a +1 flail
 e - a +0 dagger
 f - a +0 war axe
 i - a +0 flail
 j - a +0 club
 k - a +0 dagger
 l - a +0 club
 m - a +0 dagger
Missiles
 h - 4 poisoned darts
Armour
 a - a +0 robe (worn)
 d - a +0 scale mail
 g - a +0 chain mail
Jewellery
 q - a +6 ring of dexterity
 x - a ring of flight
 y - a ring of positive energy
 z - an amulet of guardian spirit
Scrolls
 u - a scroll of identify {@r1}
Potions
 o - a potion of haste
 r - a potion of degeneration


   Skills:
 + Level 5.9 Fighting
 + Level 5.9 Short Blades
 + Level 5.9 Long Blades
 + Level 5.9 Axes
 + Level 5.9 Maces & Flails
 + Level 5.9 Polearms
 + Level 5.9 Staves
 + Level 5.9 Ranged Weapons
 + Level 5.9 Throwing
 + Level 5.9 Armour
 + Level 7.6 Dodging
 + Level 7.3 Stealth
 + Level 5.9 Shields
 + Level 5.9 Unarmed Combat
 + Level 7.9 Spellcasting
 + Level 8.7 Conjurations
 + Level 4.9 Hexes
 + Level 4.9 Summonings
 + Level 4.9 Necromancy
 + Level 4.9 Translocations
 + Level 4.9 Transmutations
 + Level 4.9 Fire Magic
 + Level 4.9 Ice Magic
 + Level 4.9 Air Magic
 + Level 4.9 Earth Magic
 + Level 4.9 Poison Magic
 + Level 6.5 Invocations
 + Level 5.9 Evocations


You had 19 spell levels left.
You knew the following spells:

 Your Spells              Type           Power      Damage    Failure   Level
a - Magic Dart            Conj           100%       1d8       1%          1
b - Searing Ray           Conj           76%        2d7       1%          2

Your spell library contained the following spells:

 Spells                   Type           Power      Damage    Failure   Level
 Necrotise                Necr           96%        1d8       1%          1
 Cigotuvi's Dreadful Rot  Necr/Pois/Air  48%        N/A       1%          2
 Sublimation of Blood     Necr           24%        N/A       1%          2
 Dazzling Flash           Conj/Hex       62%        N/A       1%          3
 Vampiric Draining        Necr           24%        2d7       3%          3
 Fulminant Prism          Conj/Hex       15%        3d10      6%          4
 Iskenderun's Mystic Bla  Conj/Tloc      31%        2d8       6%          4
 Dispel Undead            Necr           24%        3d12      13%         4
 Borgnjor's Vile Clutch   Necr/Erth      12%        N/A       34%         5
 Death Channel            Necr           12%        N/A       89%         6
 Simulacrum               Ice/Necr       12%        N/A       89%         6


Dungeon Overview and Level Annotations

Branches:
Dungeon (7/15) Zot: 25392  Bailey (1/1) Zot: 5911
 Temple: D:4-7

Altars:
Kikubaaqudgha
Nemelex Xobeh


Innate Abilities, Weirdness & Mutations

You have very sharp teeth.
Your uncanny sense of smell can sniff out nearby items.
Your experience applies equally to all skills.


Message History

Aiming: Searing Ray (safe; 1% risk of failure)
Press: ? - help, Shift-Dir - straight line, f/p - kobold brigand
Aim: a kobold brigand, wielding a +0 war axe and quivering poisoned darts (heavily wounded, 76% to hit)
The searing ray hits the kobold brigand!
The kobold brigand is almost dead. (Press . to maintain the ray.)
The kobold shouts!
You hear a shout! x2
The kobold brigand hits you with a +0 war axe!
* * * LOW HITPOINT WARNING * * *
You take 10 damage, and have 6/64 hp.
You now have 10/19 mp.
Magic courses through your body.
The kobold brigand hits you with a +0 war axe.
* * * LOW HITPOINT WARNING * * *
You take 2 damage, and have 4/64 hp.
MP restored: 19
Okay, then.
As you read the scroll of magic mapping, it crumbles to dust.
You feel aware of your surroundings.
You sensed 1 altar, and 2 shops/portals.
Casting: Searing Ray (safe; 1% risk of failure)
Confirm with . or Enter, or press ? or * to list all spells.
Aiming: Magic Dart (safe; 1% risk of failure)
Press: ? - help, Shift-Dir - straight line, f/p - kobold brigand
Aim: a kobold brigand, wielding a +0 war axe and quivering poisoned darts (almost dead, 100% to hit)
The magic dart hits the kobold brigand but does no damage.
The kobold brigand is almost dead.
The kobold brigand hits you with a +0 war axe.
* * * LOW HITPOINT WARNING * * *
You take 1 damage, and have 3/64 hp.
You now have 18/19 mp.
Casting: Magic Dart (safe; 1% risk of failure)
Confirm with . or Enter, or press ? or * to list all spells.
Aiming: Magic Dart (safe; 1% risk of failure)
Press: ? - help, Shift-Dir - straight line, f/p - kobold brigand
Aim: a kobold brigand, wielding a +0 war axe and quivering poisoned darts (almost dead, 100% to hit)
The magic dart hits the kobold brigand.
The kobold brigand is almost dead.
The kobold barely misses you.
The kobold brigand hits you with a +0 war axe!
You die...
Kikubaaqudgha rasps: "You have failed me!
Welcome... death!"

####### ##.....##
#...∩...# #.......#
##@K∩..## ##KK'##
#...# #...# #(..#
***#(..#***
*#~.....(.~#*
****#~~..(....~~#****
*,...~~.....(.~~.,,,*


You could see a kobold brigand and 2 kobolds.

Vanquished Creatures
  Sigmund (D:3)
  A scorpion (D:4)
  Crazy Yiuf (D:2)
  2 orc priests (D:2)
  Terence (D:3)
  3 gnolls (D:2)
  4 adders
  A worm (D:2)
  2 dart slugs
  5 orcs
  6 ball pythons
  3 bats
  5 endoplasms
  3 giant cockroaches
  10 hobgoblins
  4 quokkas
  3 frilled lizards
  9 goblins
  12 kobolds
  A rat (D:3)
77 creatures vanquished.

Notes
Turn   | Place    | Note
-------+----------+-------------------------------------------
     0 | D:1      | Psyclone the Gnoll Conjurer began the quest for the Orb.
     0 | D:1      | Reached XP level 1. HP: 13/13 MP: 6/6
   210 | D:1      | Found a faded altar of an unknown god.
   243 | D:1      | Prayed at the altar of an unknown god.
   243 | D:1      | Became a worshipper of Kikubaaqudgha
   243 | D:1      | Reached * piety under Kikubaaqudgha
   243 | D:1      | Received a gift from Kikubaaqudgha
   256 | D:1      | Reached XP level 2. HP: 19/19 MP: 4/7
   870 | D:2      | Reached skill level 5 in Spellcasting
   870 | D:2      | Reached XP level 3. HP: 25/25 MP: 1/9
   966 | D:2      | Reached skill level 1 in Fighting
   966 | D:2      | Reached skill level 1 in Short Blades
   966 | D:2      | Reached skill level 1 in Long Blades
   966 | D:2      | Reached skill level 1 in Axes
   966 | D:2      | Reached skill level 1 in Maces & Flails
   966 | D:2      | Reached skill level 1 in Polearms
   966 | D:2      | Reached skill level 1 in Staves
   966 | D:2      | Reached skill level 1 in Ranged Weapons
   966 | D:2      | Reached skill level 1 in Throwing
   966 | D:2      | Reached skill level 1 in Armour
   966 | D:2      | Reached skill level 1 in Shields
   966 | D:2      | Reached skill level 1 in Unarmed Combat
   966 | D:2      | Reached skill level 1 in Invocations
   966 | D:2      | Reached skill level 1 in Evocations
  1018 | D:2      | Learned a level 2 spell: Searing Ray
  1100 | D:2      | Reached XP level 4. HP: 32/32 MP: 8/11
  1359 | D:2      | Reached skill level 1 in Hexes
  1359 | D:2      | Reached skill level 1 in Summonings
  1359 | D:2      | Reached skill level 1 in Necromancy
  1359 | D:2      | Reached skill level 1 in Translocations
  1359 | D:2      | Reached skill level 1 in Transmutations
  1359 | D:2      | Reached skill level 1 in Fire Magic
  1359 | D:2      | Reached skill level 1 in Ice Magic
  1359 | D:2      | Reached skill level 1 in Air Magic
  1359 | D:2      | Reached skill level 1 in Earth Magic
  1359 | D:2      | Reached skill level 1 in Poison Magic
  1432 | D:2      | Reached ** piety under Kikubaaqudgha
  1596 | D:2      | Reached XP level 5. HP: 22/37 MP: 6/12
  2051 | D:2      | Found a runed translucent door.
  2052 | D:2      | Noticed Crazy Yiuf
  2058 | D:2      | Killed Crazy Yiuf
  3114 | D:1      | Reached skill level 8 in Conjurations
  3114 | D:1      | Reached skill level 5 in Invocations
  3114 | D:1      | Reached XP level 6. HP: 49/49 MP: 12/15
  3115 | D:1      | Reached skill level 5 in Fighting
  3115 | D:1      | Reached skill level 5 in Short Blades
  3115 | D:1      | Reached skill level 5 in Long Blades
  3115 | D:1      | Reached skill level 5 in Axes
  3115 | D:1      | Reached skill level 5 in Maces & Flails
  3115 | D:1      | Reached skill level 5 in Polearms
  3115 | D:1      | Reached skill level 5 in Staves
  3115 | D:1      | Reached skill level 5 in Ranged Weapons
  3115 | D:1      | Reached skill level 5 in Throwing
  3115 | D:1      | Reached skill level 5 in Armour
  3115 | D:1      | Reached skill level 5 in Shields
  3115 | D:1      | Reached skill level 5 in Unarmed Combat
  3115 | D:1      | Reached skill level 5 in Evocations
  3115 | D:1      | Reached XP level 7. HP: 57/57 MP: 13/18
  3460 | D:3      | Noticed Sigmund
  3468 | D:3      | Killed Sigmund
  3536 | D:3      | Noticed Terence
  3545 | D:3      | Killed Terence
  3546 | D:3      | Reached XP level 8. HP: 60/64 MP: 9/19
  4597 | D:4      | Found a sparkling altar of Nemelex Xobeh.
  4610 | D:4      | You fall into a shaft and drop 3 floors!
  4610 | D:7      | Found a flagged portal.
  4613 | Bailey   | Entered a bailey
  4693 | Bailey   | Reached *** piety under Kikubaaqudgha
  4693 | Bailey   | Received a gift from Kikubaaqudgha
  4700 | Bailey   | HP: 3/64 [kobold brigand/+0 war axe (1)]
  4701 | Bailey   | Mangled by a kobold brigand

Illustrated notes

Levels and vault maps discovered:
D:1:      dpeg_arrival_pits, layout_basic, ebering_ecumenical_altar_box
D:2:      layout_basic, minmay_goblin_outpost, uniq_crazy_yiuf_cottage
D:3:      layout_loops_ring, grunt_ministairs_4, uniq_terence, uniq_sigmund
D:4:      layout_rooms, nicolae_hepliaklqana_hippocampus,
          general_overflow_altar, serial_shops, kennysheep_mini_moat,
          serial_rivers, chequers_serial_rivers_room_b,
          chequers_serial_rivers_small_3, chequers_serial_rivers_micro_e,
          chequers_serial_rivers_micro_c, chequers_serial_rivers_micro_c,
          minivault_26, kennysheep_generic_room_8, uniq_pikel
D:7:      layout_basic, nicolae_ru_path_of_blood,
          chequers_temple_overflow_minitemple, enter_ossuary_3, enter_bailey_2,
          serial_shops, shop
Bailey:   bailey_axe_3, bailey

Skill      XL: |  1  2  3  4  5  6 |
---------------+-------------------+-----
Spellcasting   | 5 6 7 |  7.9
Fighting       | 1 4 5 |  5.9
Short Blades   | 1 4 5 |  5.9
Long Blades    | 1 4 5 |  5.9
Axes           | 1 4 5 |  5.9
Maces & Flails | 1 4 5 |  5.9
Polearms       | 1 4 5 |  5.9
Staves         | 1 4 5 |  5.9
Ranged Weapons | 1 4 5 |  5.9
Throwing       | 1 4 5 |  5.9
Armour         | 1 4 5 |  5.9
Shields        | 1 4 5 |  5.9
Unarmed Combat | 1 4 5 |  5.9
Invocations    | 1 5 6 |  6.5
Evocations     | 1 4 5 |  5.9
Hexes          | 1 3 4 |  4.9
Summonings     | 1 3 4 |  4.9
Necromancy     | 1 3 4 |  4.9
Translocations | 1 3 4 |  4.9
Transmutations | 1 3 4 |  4.9
Fire Magic     | 1 3 4 |  4.9
Ice Magic      | 1 3 4 |  4.9
Air Magic      | 1 3 4 |  4.9
Earth Magic    | 1 3 4 |  4.9
Poison Magic   | 1 3 4 |  4.9
Dodging        | 6 7 |  7.6
Stealth        | 6 7 |  7.3
Conjurations   | 8 |  8.7

Action                     |  1- 3 |  4- 6 |  7- 9 || total
---------------------------+-------+-------+-------++-------
   Cast: Magic Dart        |    42 |    39 |    73 ||   154
         Searing Ray       |       |     5 |     7 ||    12
    Use: Potion            |       |     6 |     5 ||    11
         Scroll            |       |       |     7 ||     7
 Armour: Robe              |       |       |     2 ||     2
  Dodge: Dodged            |     2 |     2 |     9 ||    13
